 Dungeon Crawl Stone Soup version 0.28-a0-1312-g71652a0310 (webtiles) character file.

Game seed: 11142427970727155664

158 Snarg the Firebug (level 4, 0/36 HPs)
             Began as a Demigod Wanderer on Dec 27, 2021.
             Slain by an iguana (6 damage)
             ... on level 4 of the Dungeon.
             The game lasted 00:15:31 (3818 turns).

Snarg the Firebug (Demigod Wanderer)                Turns: 3818, Time: 00:15:33

Health: 0/36       AC:  5    Str: 10    XL:     4   Next: 94%
Magic:  4/9        EV: 11    Int: 22    God:
Gold:   128        SH:  0    Dex: 12    Spells: 5/7 levels left

rFire   . . .      SeeInvis .   a - +0 dagger
rCold   . . .      Faith    .   (no shield)
rNeg    . . .      Spirit   .   p - +0 leather armour
rPois   .          Reflect  .   i - +0 helmet
rElec   .          Harm     .   (no cloak)
rCorr   .          Rampage  .   c - +0 pair of gloves
Will    .....                   (no boots)
Stlth   +.........              m - amulet of the acrobat
HPRegen 0.12/turn               (no ring)
MPRegen 0.11/turn               (no ring)

@: no status effects
A: high mp 1, forlorn, divine attributes
a: no special abilities


You were on level 4 of the Dungeon.
You visited 1 branch of the dungeon, and saw 4 of its levels.

You collected 128 gold pieces.

Inventory:

Hand Weapons
 a - a +0 dagger (weapon)
 l - a +4 hunting sling
Missiles
 f - 198 stones (quivered)
 g - 6 boomerangs
 h - 14 poisoned darts
 n - 6 silver javelins
Armour
 c - a +0 pair of gloves (worn)
 i - a +0 helmet (worn)
 j - a +0 robe
 p - a +0 leather armour (worn)
 w - a +2 ring mail of poison resistance
Magical Staves
 b - a staff of poison
Jewellery
 m - an amulet of the acrobat (around neck)
Scrolls
 d - 2 scrolls of teleportation {unknown}
 q - a scroll of amnesia {unknown}
 s - a scroll of identify {unknown}
 t - a scroll of enchant weapon {unknown}
 u - a scroll of immolation {unknown}
Potions
 e - a potion of brilliance {unknown}
 k - a potion of resistance {unknown}
 o - a potion of curing {unknown}
 r - a potion of ambrosia {unknown}
 v - a potion of heal wounds {unknown}


   Skills:
 * Level 2.0 Fighting
 * Level 0.2 Armour
 + Level 1.2 Dodging
 + Level 1.4 Stealth
 * Level 2.0 Spellcasting
 * Level 1.9 Conjurations
 * Level 0.7 Transmutations
 - Level 5.0 Fire Magic
 - Level 1.0 Poison Magic


You had 5 spell levels left.
You knew the following spells:

 Your Spells              Type           Power      Damage    Failure   Level
a - Foxfire               Conj/Fire      68%        2x1d7     4%          1
b - Sting                 Tmut/Pois      24%        1d4       13%         1

Your spell library contained the following spells:

 Spells                   Type           Power      Damage    Failure   Level
 Static Discharge         Conj/Air       6%         N/A       19%         2
 Inner Flame              Hex/Fire       13%        N/A       21%         3
 Ignite Poison            Fire/Tmut/Pois 12%        N/A       22%         3
 Stone Arrow              Conj/Erth      12%        3d7       36%         3
 Sticky Flame             Conj/Fire      17%        2d4       41%         4
 Animate Armour           Summ/Erth      4%         N/A       88%         4
 Dispel Undead            Necr           2%         3d7       88%         4
 Lehudib's Crystal Spear  Conj/Erth      3%         10d2      100%        8


Dungeon Overview and Level Annotations

Branches:
Dungeon (4/15)
 Temple: D:4-7

Shops:
D:3 [

Annotations:
D:1 clr
D:2 Sigmund
D:3 clr
D:4 Menkaure


Innate Abilities, Weirdness & Mutations

You have an increased reservoir of magic. (+10% MP)
You shall have no god before yourself.
Your divine heritage dramatically boosts your attributes as you level up.


Message History

You conjure some foxfire!
The iguana closely misses you.
Your foxfire dissipates!
The foxfire hits the iguana.
The iguana is heavily wounded.
Casting: Foxfire (safe; 4% risk of failure)
Confirm with . or Enter, or press ? or * to list all spells.
You conjure some foxfire!
The iguana bites you!
You hit the iguana but do no damage.
The iguana is heavily wounded.
The foxfire hits the iguana but does no damage.
The iguana is heavily wounded.
The foxfire hits the iguana.
The iguana is almost dead.
The iguana barely misses you.
Casting: Foxfire (safe; 4% risk of failure)
Confirm with . or Enter, or press ? or * to list all spells.
You conjure some foxfire!
The iguana barely misses you.
You hit the iguana.
The iguana is almost dead.
The foxfire hits the iguana.
The iguana is almost dead.
The foxfire hits the iguana but does no damage.
The iguana is almost dead.
The iguana barely misses you.
Unknown command.
Casting: Foxfire (safe; 4% risk of failure)
Confirm with . or Enter, or press ? or * to list all spells.
You conjure some foxfire!
The iguana bites you.
You hit the iguana but do no damage.
The iguana is almost dead.
The foxfire hits the iguana but does no damage.
The iguana is almost dead.
The foxfire hits the iguana but does no damage.
The iguana is almost dead.
The iguana bites you.
* * * LOW HITPOINT WARNING * * *
Casting: Foxfire (safe; 4% risk of failure)
Confirm with . or Enter, or press ? or * to list all spells.
You conjure some foxfire!
The iguana bites you.
You die...

######
#vv..#
#@l#.#
####.#
#....#
.≈≈≈#####
.≈


You could see an iguana (ally target).

Vanquished Creatures
  An orc priest (D:3)
  An iguana (D:4)
  Robin (D:1)
  An adder (D:2)
  3 dart slugs
  2 orcs (D:3)
  7 endoplasms
  11 goblins
  9 hobgoblins
  2 jackals (D:1)
  6 kobolds
  3 quokkas
  5 ball pythons
  8 bats
  3 frilled lizards
  6 rats
69 creatures vanquished.

Vanquished Creatures (collateral kills)
  A foxfire (D:3)
1 creature vanquished.

Vanquished Creatures (others)
  147 foxfires
147 creatures vanquished.

Grand Total: 217 creatures vanquished

Notes
Turn   | Place    | Note
-------+----------+-------------------------------------------
     0 | D:1      | Snarg the Demigod Wanderer began the quest for the Orb.
     0 | D:1      | Snarg set off with the following items: a +0 dagger, a +0
                  | robe, a +0 pair of gloves; and the following spells
                  | available to memorise: Foxfire, Sting, Inner Flame, Ignite
                  | Poison
     0 | D:1      | Reached XP level 1. HP: 16/16 MP: 4/4
     2 | D:1      | Learned a level 1 spell: Foxfire
     9 | D:1      | Learned a level 1 spell: Sting
   380 | D:1      | Reached XP level 2. HP: 23/23 MP: 3/5
   645 | D:1      | Reached skill level 5 in Fire Magic
  1270 | D:1      | Reached XP level 3. HP: 28/28 MP: 3/7
  1420 | D:2      | Noticed Robin
  1601 | D:1      | Killed Robin
  1602 | D:1      | Reached skill level 1 in Conjurations
  2323 | D:2      | Noticed Sigmund
  2508 | D:3      | Reached XP level 4. HP: 32/36 MP: 8/8
  3012 | D:3      | Found Dex Cim's Armour Emporium.
  3435 | D:4      | Noticed Menkaure
  3818 | D:4      | Slain by an iguana

Illustrated notes

Levels and vault maps discovered:
D:1:      mrwooster_arrival_statue, layout_basic, basic_ecumenical_altar,
          chequers_serial_rivers_micro_d
D:2:      layout_basic, uniq_robin, uniq_sigmund
D:3:      layout_basic, serial_shops, shop, serial_bayou_lagoon_a
D:4:      layout_basic, temple_statues, serial_rivers,
          chequers_serial_rivers_marsh, chequers_serial_rivers_large_a,
          chequers_serial_rivers_marsh, chequers_serial_rivers_small_3,
          uniq_menkaure

Skill      XL: |  1  2  3  4 |
---------------+-------------+-----
Fire Magic     | 5 |  5.0
Conjurations   | 1 |  1.9
Fighting       | 2 |  2.0
Spellcasting   | 2 |  2.0
Armour         | |  0.2
Dodging        | |  1.2
Stealth        | |  1.4
Transmutations | |  0.7
Poison Magic   | |  1.0

Action                   |  1- 3 |  4- 6 || total
-------------------------+-------+-------++-------
Melee: Dagger            |    77 |    27 ||   104
Throw: Stone             |    41 |     3 ||    44
 Cast: Foxfire           |    55 |    31 ||    86
       Sting             |     1 |       ||     1
 Stab: Sleeping          |     1 |     1 ||     2
Armor: Robe              |    17 |       ||    17
       Leather armour    |       |     6 ||     6
Dodge: Dodged            |    52 |    22 ||    74

Table legend: (Time is in decaauts)
 A = Elapsed time spent in this place.
 B = Non-inter-level travel time spent in this place.
 C = Inter-level travel time spent in this place.
 D = Time resting spent in this place.
 E = Time spent auto-exploring this place.
 F = Levels seen in this place.
 G = Mean time per level.
                   A        B        C        D        E       F      G
               +--------+--------+--------+--------+--------+-----+--------+
         Total |   3838 |   3501 |    337 |    845 |   1895 |   4 |  959.5 |
       Dungeon |   3838 |   3501 |    337 |    845 |   1895 |   4 |  959.5 |
               +--------+--------+--------+--------+--------+-----+--------+

Top non-repeatable levels by time:
     D:1: 1789 daAuts
     D:3: 890 daAuts
     D:2: 674 daAuts
     D:4: 483 daAuts
